Map: Frozen Temple

Players

ShoWTimE

  • Race: Protoss Protoss

Snute - Winner!

  • Race: Zerg Zerg

Event: WCS Copa Intercontinental

VOD

Have the link to the VOD?

Description

Time

  • Played on: Sept. 11, 2016, 6:35 p.m.
  • Length: 9:43

All games in this series

Show
View Real Time Build Order
Export as new Build Order

ShoWTimE Protoss 

Build Orders: 1 Gate Expand 

Get SALT Encoding   

  12  0:00  Probe (Chrono Boost)  
  13  0:11  Probe (Chrono Boost)  
  14  0:18  Pylon  
  14  0:22  Probe (Chrono Boost)  
  15  0:36  Probe (Chrono Boost)  
  15  0:38  Gateway  
  16  0:45  Assimilator  
  16  0:49  Probe (Chrono Boost)  
  17  0:59  Probe (Chrono Boost)  
  18  1:10  Probe (Chrono Boost)  
  19  1:22  Nexus  
  19  1:25  Probe (Chrono Boost)  
  20  1:34  Cybernetics Core  
  20  1:38  Probe (Chrono Boost)  
  21  1:43  Assimilator  
  21  1:48  Probe (Chrono Boost)  
  21  1:52  Pylon  
  22  1:59  Probe (Chrono Boost)  
  23  2:08  Adept  
  23  2:11  Warp Gate  
  23  2:12  Probe (Chrono Boost)  
  27  2:24  Cybernetics Core, Probe (Chrono Boost)  
  27  2:34  Probe (Chrono Boost)  
  27  2:35  Probe (Chrono Boost)  
  29  2:39  Robotics Facility  
  29  2:43  Stalker  
  32  2:51  Probe (Chrono Boost)  
  32  2:55  Probe (Chrono Boost)  
  33  3:02  Probe (Chrono Boost)  
  33  3:03  Pylon  
  35  3:07  Probe (Chrono Boost)  
  35  3:12  Probe (Chrono Boost)  
  36  3:18  Probe (Chrono Boost)  
  37  3:24  Gateway x2  
  37  3:28  Immortal  
  41  3:36  Probe (Chrono Boost)  
  41  3:38  Sentry  
  45  3:42  Probe (Chrono Boost)  
  45  3:44  Pylon  
  45  3:54  Gateway  
  45  3:58  Gateway  
  44  4:04  Gateway  
  44  4:08  Gateway  
  44  4:11  Warp Prism  
  46  4:20  Pylon  
  46  4:23  Probe (Chrono Boost)  
  47  4:27  Mothership Core (Chrono Boost)  
  47  4:28  Sentry  
  47  4:29  Sentry  
  53  4:38  Pylon, Sentry  
  55  4:53  Pylon  
  55  5:06  Adept x5  
  55  5:07  Adept x2  
  67  5:12  Pylon  
  69  5:28  Adept x2  
  69  5:29  Adept x2  
  69  5:31  Adept x2  
  69  5:34  Adept  
  63  5:56  Probe (Chrono Boost)  
  58  6:03  Probe (Chrono Boost)  
  49  6:10  Robotics Bay  
  49  6:11  Assimilator, Probe (Chrono Boost)  
  46  6:13  Assimilator  
  46  6:15  Probe (Chrono Boost)  
  46  6:17  Pylon  
  47  6:18  Immortal  
  47  6:21  Probe (Chrono Boost)  
  52  6:27  Probe (Chrono Boost)  
  52  6:32  Probe (Chrono Boost)  
  50  6:36  Adept x2  
  50  6:37  Adept  
  50  6:39  Probe (Chrono Boost), Adept  
  59  6:42  Probe (Chrono Boost)  
  58  6:47  Adept  
  58  6:48  Adept x2  
  58  6:51  Probe (Chrono Boost)  
  58  6:52  Pylon  
  58  6:53  Disruptor  
  65  6:59  Pylon  
  68  7:16  Adept  
  68  7:17  Adept x4  
  78  7:28  Disruptor  
  78  7:30  Nexus  
  78  7:33  Pylon  
  81  7:43  Probe (Chrono Boost)  
  83  7:44  Pylon  
  83  7:45  Probe (Chrono Boost)  
  83  7:47  Pylon  
  81  7:53  Pylon  
  81  7:56  Twilight Council  
  81  7:59  Disruptor  
  81  8:00  Sentry  
  81  8:05  Gateway  
  86  8:07  Adept x2  
  90  8:14  Sentry, Adept  
  94  8:21  Sentry  
  96  8:28  Adept x3  
  101  8:42  Stalker x3  
  101  8:46  Stalker  
  104  8:49  Stalker  
  103  9:01  Adept x2  
  107  9:06  Adept  
  107  9:07  Observer, Adept x2  
  98  9:29  Stalker  
  98  9:30  Stalker x3  
Show
View Real Time Build Order
Export as new Build Order

Snute Zerg - Winner!

Build Orders: Hatch First 

Get SALT Encoding   

  12  0:00  Drone  
  13  0:13  Overlord  
  13  0:17  Drone  
  14  0:31  Drone x2  
  14  0:35  Drone  
  17  0:51  Hatchery  
  17  0:55  Drone  
  17  0:58  Drone  
  17  1:00  Extractor  
  17  1:13  Spawning Pool  
  17  1:17  Drone  
  17  1:19  Drone  
  18  1:28  Drone  
  19  1:39  Overlord  
  19  1:50  Drone  
  20  1:59  Queen, Metabolic Boost  
  22  2:02  Queen  
  22  2:04  Drone  
  22  2:07  Drone  
  26  2:11  Zergling x2  
  26  2:14  Drone  
  28  2:22  Drone  
  29  2:27  Drone  
  30  2:33  Drone  
  31  2:38  Overlord  
  31  2:43  Zergling x2  
  32  2:48  Queen x2  
  36  2:57  Zergling x2  
  36  2:58  Zergling x4  
  39  3:06  Zergling x2  
  39  3:07  Drone x3  
  39  3:08  Drone  
  44  3:12  Overlord  
  44  3:31  Roach Warren  
  44  3:32  Drone  
  44  3:33  Drone x4  
  48  3:40  Drone x2, Hatchery  
  48  3:41  Drone  
  50  3:42  Drone  
  50  3:46  Drone  
  50  3:47  Overlord  
  52  3:51  Extractor, Overlord  
  51  3:57  Overlord  
  51  4:00  Drone  
  52  4:03  Lair  
  52  4:06  Drone  
  53  4:11  Spore Crawler  
  53  4:14  Drone x2  
  54  4:17  Drone x2  
  54  4:20  Roach  
  54  4:21  Roach  
  60  4:24  Drone x3  
  60  4:26  Extractor  
  60  4:27  Drone  
  63  4:35  Roach  
  65  4:39  Roach  
  65  4:43  Overlord  
  67  4:46  Roach  
  67  4:47  Roach x2  
  67  4:49  Overlord  
  67  4:51  Zergling x6  
  75  4:56  Zergling x4  
  78  5:00  Ravager  
  78  5:04  Zergling x4  
  80  5:11  Zergling x4  
  82  5:18  Zergling x10  
  87  5:26  Ravager x3  
  87  5:28  Queen  
  90  5:29  Zergling x2, Overlord  
  90  5:30  Zergling x6  
  96  5:37  Overlord  
  90  5:45  Zergling x12  
  90  5:48  Queen x2  
  85  5:55  Drone x2  
  79  5:57  Drone  
  79  5:58  Drone x2  
  79  6:00  Drone x2  
  80  6:06  Drone x4  
  80  6:09  Drone  
  85  6:12  Drone  
  85  6:15  Drone  
  85  6:16  Spire  
  86  6:20  Drone  
  86  6:30  Drone x2  
  86  6:31  Drone x3  
  89  6:34  Overlord  
  89  6:41  Extractor, Roach  
  89  6:44  Roach x5  
  100  6:49  Roach x3  
  100  6:51  Ravager  
  100  6:52  Ravager  
  108  6:54  Roach x2  
  108  7:00  Extractor, Roach x4  
  117  7:04  Zergling x2  
  117  7:09  Drone  
  117  7:11  Drone  
  117  7:12  Spore Crawler  
  117  7:14  Drone  
  117  7:15  Drone x3  
  121  7:22  Overlord  
  121  7:31  Extractor  
  121  7:32  Evolution Chamber  
  119  7:41  Hatchery  
  119  7:42  Zergling x2  
  119  7:43  Mutalisk x4, Zergling x4  
  123  7:50  Mutalisk  
  130  7:53  Overlord x2  
  130  8:04  Hatchery, Baneling Nest  
  128  8:06  Overlord  
  128  8:13  Zergling x20  
  128  8:14  Zergling x4  
  128  8:19  Overlord  
  140  8:20  Zergling x4  
  140  8:21  Zergling x2  
  140  8:22  Queen  
  140  8:25  Overseer  
  145  8:27  Zergling x2  
  145  8:28  Zergling x4  
  145  8:29  Zergling x2  
  149  8:45  Zergling x8  
  149  8:46  Zergling x12  
  157  9:01  Mutalisk x3  
  157  9:02  Mutalisk x2  
  167  9:06  Overlord x2  
Tags
 
Add a new tag
Caveats
  • Supply blocks, unpowered buildings, or Contaminate may cause inaccurate times.
  • Supply counts are checked every 10 seconds.